 Dungeon Crawl Stone Soup version 0.31.0-32-g396128a36d (webtiles) character file.

Game seed: 17646710587480620584

20 Alphaeus the Ruffian (level 2, 27/27 HPs)
             Began as a Troll Shapeshifter on Mar 18, 2024.
             Was a Follower of Nemelex Xobeh.
             Quit the game on level 1 of the Dungeon.
             The game lasted 00:00:34 (281 turns).

Alphaeus the Ruffian (Troll Shapeshifter)            Turns: 281, Time: 00:00:34

Health: 27/27      AC:  4    Str: 21    XL:     2   Next: 58%
Magic:  1/1        EV:  9    Int:  6    God:    Nemelex Xobeh [*.....]
Gold:   9          SH:  0    Dex:  9    Spells: 1/1 levels left

rFire   . .          .
                       - Unarmed
rCold   . . .        (no shield)
rNeg    . . .        a - +0 animal skin
rPois   .            (helmet currently unavailable)
rElec   .            (cloak currently unavailable)
rCorr   .            (gloves unavailable)
SInv    .            (boots unavailable)
Will    .....        (no amulet)
Stlth   +            (no ring)
HPRegen 1.04/turn    (no ring)
MPRegen 0.07/turn

%: no passive effects
@: beast-form
A: beast (slay +1), large, unfitting armour, claws 3, regeneration 1, shaggy fur
1, tough skin 1
a: Begin Untransformation, Renounce Religion, Draw Escape, Draw Destruction,
Draw Summoning


You were on level 1 of the Dungeon.
You worshipped Nemelex Xobeh.
Nemelex Xobeh was aware of your devotion.
You were a hulking beast.
You visited 1 branch of the dungeon, and saw 1 of its levels.

You collected 9 gold pieces.

Inventory:

Armour
 a - a +0 animal skin (worn)
Talismans
 c - a beast talisman
 d - a flux talisman
Scrolls
 e - 3 scrolls of teleportation {unknown}
 g - a scroll of blinking {unknown}
 h - a scroll of summoning {unknown}
Potions
 b - 2 potions of lignification
 f - a potion of might {unknown}


   Skills:
 + Level 1.1 Fighting
 - Level 1.5 Dodging
 * Level 3.4 Unarmed Combat
 * Level 3.3 Shapeshifting


You had one spell level left.
You didn't know any spells.
Your spell library contained the following spells:

 Spells                   Type           Power      Damage    Failure   Level
 Magic Dart               Conj           0%         1d3       45%         1
 Blink                    Tloc           0%         N/A       58%         2
 Call Imp                 Summ           0%         N/A       58%         2
 Lesser Beckoning         Tloc           0%         N/A       58%         2
 Gell's Gravitas          Tloc           0%         N/A       83%         3
 Teleport Other           Tloc           0%         N/A       83%         3


Dungeon Overview and Level Annotations

Branches:
Dungeon (1/15)

Altars:
Nemelex Xobeh


Innate Abilities, Weirdness & Mutations

You are a hulking beast.
Your limbs bulge with bestial killing power. (Slay +1)
You are too large for most types of armour.
You have claws for hands.
Your natural rate of healing is unusually fast.
You are covered in fur. (AC +1)
You have tough skin. (AC +1)


Message History

You claw the hobgoblin!
You kill the hobgoblin!
No target in view!
No target in view!
No target in view!
No target in view!
No target in view!
No target in view!
No target in view!
No target in view!
No target in view!
No target in view!
No target in view!
No target in view!
No target in view!
No target in view!
No target in view!
No target in view!
Found a ring mail.
Things that are here:
a +0 short sword; a kobold corpse
There is a faded altar of an unknown god here.
This altar belongs to (a) Nemelex Xobeh, (b) Elyvilon or (c) Qazlal, but you can't tell which.
Press the corresponding letter to learn more about a god, or press enter to convert or escape to cancel.
Nemelex Xobeh accepts your prayer! Nemelex Xobeh welcomes you!
You can now draw from decks of power.
Nemelex will now gift you decks of power as you gain piety.
Nemelex Xobeh deals you some cards!
You now have 3 escape cards, 6 destruction cards and 3 summoning cards.
You see here a +0 dagger.
Found a stone staircase leading down.
b - 2 potions of lignification (gained 1)
A ball python comes into view.
The ball python hisses angrily.
A ball python is nearby!
You closely miss the ball python.
The ball python bites you but does no damage.
You closely miss the ball python. The ball python closely misses you.
Unknown command.
Are you sure you want to abandon this character and quit the game? (Confirm with "yes".)

#....†.# #........#
###....####.######.#
............# ###.#
######..##### #.#.#
#.......# #.#.#
#..)....# #.#.#
#.......# #.#[#
#.......####S#.#
#...........h..#
###.^_^#####...#
#.^.^#####...#
##..)......#.#
#.....#######
#............
#.#.#.#######
#.#....# #.###..#


You could see a ball python.

Vanquished Creatures
  A ball python (D:1)
  An endoplasm (D:1)
  4 goblins (D:1)
  2 hobgoblins (D:1)
  4 jackals (D:1)
  2 quokkas (D:1)
  A kobold (D:1)
15 creatures vanquished.

Notes
Turn   | Place    | Note
-------+----------+-------------------------------------------
     0 | D:1      | Alphaeus the Troll Shapeshifter began the quest for the
                  | Orb.
     0 | D:1      | Reached XP level 1. HP: 18/18 MP: 0/0
    74 | D:1      | Reached skill level 1 in Fighting
    75 | D:1      | Reached XP level 2. HP: 27/27 MP: 1/1
   212 | D:1      | Found a faded altar of an unknown god.
   246 | D:1      | Prayed at the altar of an unknown god.
   246 | D:1      | Became a worshipper of Nemelex Xobeh the Trickster
   246 | D:1      | Reached * piety under Nemelex Xobeh
   246 | D:1      | Received a gift from Nemelex Xobeh
   281 | D:1      | Quit the game

Illustrated notes

Levels and vault maps discovered:
D:1:      amcnicky_arrival_blooded_trapdoor, layout_basic,
          ebering_ecumenical_altar_webs

Skill      XL: |  1 |
---------------+----+-----
Fighting       | 1 |  1.1
Dodging        | |  1.5
Unarmed Combat | |  3.4
Shapeshifting  | |  3.3

Action                     || total
---------------------------++-------
  Melee: Unarmed           ||    35
 Armour: Animal skin       ||    19
  Dodge: Dodged            ||    17
